 Dungeon Crawl Stone Soup version 0.24-a0-251-g44e327ef01 (webtiles) character file.

Game seed: 1750831750138674348

14 Redear the Scratcher (level 2, 0/12 HPs)
             Began as a Felid Transmuter on Apr 16, 2019.
             Slain by a jackal (2 damage)
             ... on level 2 of the Dungeon.
             The game lasted 00:01:17 (1126 turns).

Redear the Scratcher (Felid Transmuter)             Turns: 1126, Time: 00:01:18

Health: 0/12       AC:  1    Str:  6    XL:     2   Next: 27%
Magic:  6/6        EV: 18    Int: 14    God:
Gold:   31         SH:  0    Dex: 16    Spells: 4/5 levels left
                                        Lives:  0   Deaths: 0

rFire    . . .     SeeInvis +     - Unarmed
rCold    . . .     Gourm    .   (shield unavailable)
rNeg     . . .     Faith    .   (armour unavailable)
rPois    .         Spirit   .   (helmet unavailable)
rElec    .         Reflect  .   (cloak unavailable)
rCorr    .         Harm     .   (gloves unavailable)
MR       .....     Rnd*Tele +   (boots unavailable)
Stlth    ++........             (no amulet)
HPRegen  0.04/turn              c - ring of teleportation (curse) {+/*tele}
MPRegen  0.10/turn              (no ring)

@: quick
A: very small, no armour, no weapons or thrown items, stealth, claws 1, fangs 3,
see invisible, carnivore, speed 1, shaggy fur 1, slow metabolism 1, sharp paws
a: no special abilities


You were on level 2 of the Dungeon.
You were not hungry.

You visited 1 branch of the dungeon, and saw 2 of its levels.

You collected 31 gold pieces.

Inventory:

Missiles
 a - 12 arrows
Jewellery
 c - a cursed ring of teleportation (left paw) {+/*tele}
Scrolls
 f - a scroll of amnesia {unknown}
Potions
 b - a potion of curing {unknown}
 d - 2 potions of heal wounds {unknown}
 e - a potion of haste {unknown}
 g - a potion of agility {unknown}
 h - a potion of might {unknown}
Comestibles
 z - 2 rations


   Skills:
 + Level 1.2 Fighting
 + Level 2.9 Dodging
 + Level 1.0 Stealth
 + Level 3.1 Unarmed Combat
 + Level 2.1 Spellcasting
 + Level 2.3 Transmutations


You had 4 spell levels left.
You knew the following spells:

 Your Spells              Type           Power        Failure   Level  Hunger
z - Beastly Appendage     Tmut           #.....       9%          1    #......

Your spell library contained the following spells:

 Spells                   Type           Power        Failure   Level  Hunger
 Sticks to Snakes         Tmut           #.......     13%         2    ###....
 Spider Form              Tmut/Pois      #.........   41%         3    ###....
 Ice Form                 Ice/Tmut       #.......     82%         4    #####..
 Blade Hands              Tmut           #.........   94%         5    ######.


Dungeon Overview and Level Annotations

Branches:
Dungeon (2/15)

Altars:


Innate Abilities, Weirdness & Mutations

You cannot wear armour.
You are incapable of wielding weapons or throwing items.
Your paws allow you to move quietly. (Stealth)
You have sharp claws.
You have razor-sharp teeth.
You have supernaturally acute eyesight. (SInv)
You are carnivorous and can eat meat at any time.
You cover ground quickly.
You are covered in fur. (AC +1)
You have a slow metabolism.
Your sharp claws are effective at attacking unaware monsters.


Message History

The jackal barely misses you.
You closely miss the jackal.
The jackal is severely wounded.
The jackal bites you. The hobgoblin completely misses you.
The jackal barely misses you.
You take 1 damage, and have 5/12 hp.
You scratch the jackal but do no damage.
The jackal is severely wounded.
The hobgoblin hits you.
* * * LOW HITPOINT WARNING * * *
The jackal misses you.
You take 3 damage, and have 2/12 hp.
MASSIVE DAMAGE!!
Unknown command.
You completely miss the jackal.
The jackal is severely wounded.
The jackal misses you. The hobgoblin misses you.
You closely miss the jackal.
The jackal is severely wounded.
The jackal bites you.
You die...

#.#..............
#.###.#####.####.
#.# #.# ..# #.#
#.# ..# ... #. .#
#.# .# #h# #h# #@#
#g# #.# ### #K#
#...#.#########.#
#...........K....
#.................
#.................
#.###..#....w...#.


You could see 2 jackals, a hobgoblin and a kobold.

Vanquished Creatures
  A worm (D:2)
  A goblin (D:1)
  3 hobgoblins
  A ball python (D:2)
  A frilled lizard (D:1)
  2 kobolds (D:2)
  3 rats
12 creatures vanquished.

Notes
Turn   | Place    | Note
-------+----------+-------------------------------------------
     0 | D:1      | Redear the Felid Transmuter began the quest for the Orb.
     0 | D:1      | Reached XP level 1. HP: 9/9 MP: 4/4
   886 | D:2      | Reached XP level 2. HP: 4/12 MP: 6/6
  1041 | D:2      | Reached skill level 1 in Stealth
  1126 | D:2      | Slain by a jackal

Levels and vault maps discovered:
D:1:      saegor_arrival_simple_a, layout_basic
D:2:      cheibrodos_helix_gallery, layout_basic

Skill      XL: |  1  2 |
---------------+-------+-----
Stealth        | 1 |  1.0
Fighting       | |  1.2
Dodging        | |  2.9
Unarmed Combat | |  3.1
Spellcasting   | |  2.1
Transmutations | |  2.3

Action                   || total
-------------------------++-------
Melee: Unarmed           ||    56
       Bite              ||     5
       Punch             ||     1
 Stab: Sleeping          ||     1
Armor: Skin              ||     1
Dodge: Dodged            ||    39

Table legend:
 A = Non-vault XP
 B = Vault XP
 C = Vault XP percentage of total XP
 D = Non-vault monster count
 E = Vault monster count
 F = Vault count percentage of total count
                 A         B        C        D         E       F
            +---------+---------+-------+---------+---------+-------
      Total |      20 |       0 |   0.0 |      12 |       0 |   0.0
            +---------+---------+-------+---------+---------+-------
        D:1 |       9 |       0 |   0.0 |       6 |       0 |   0.0
        D:2 |      11 |       0 |   0.0 |       6 |       0 |   0.0
            +---------+---------+-------+---------+---------+-------
